 Dungeon Crawl Stone Soup version 0.29.1-13-g9f3cf754e1 (webtiles) character file.

Game seed: 5099077278270255251

12729 bjubeck the Fighter (level 11, -8/162 HPs)
             Began as a Minotaur Berserker on Feb 8, 2023.
             Was a High Priest of Trog.
             Mangled by an 11-headed hydra (12 damage)
             ... on level 11 of the Dungeon.
             The game lasted 00:41:11 (10191 turns).

bjubeck the Fighter (Minotaur Berserker)           Turns: 10191, Time: 00:41:12

Health: -8/162     AC:  9    Str: 32    XL:     11   Next: 66%
Magic:  10/10      EV: 10    Int:  4    God:    Trog [*****.]
Gold:   406        SH:  9    Dex: 10    Spells: 10/10 levels left

rFire   . . .      SeeInvis .   Q - +4 war axe
rCold   . . .      Faith    .   X - +0 kite shield
rNeg    . . .      Spirit   .   v - +1 ring mail {Will+}
rPois   .          Reflect  .   (helmet restricted)
rElec   .          Harm     .   S - scarf {repulsion}
rCorr   +          Rampage  .   (no gloves)
Will    +++..                   G - +0 pair of boots
Stlth   ..........              q - amulet of regeneration
HPRegen 2.17/turn               r - ring of resist corrosion
MPRegen 0.12/turn               K - +6 ring of strength

@: berserking, strong-willed, regenerating, repel missiles, very quick
A: horns 2, retaliatory headbutt
a: Renounce Religion, Berserk, Trog's Hand, Brothers in Arms


You were on level 11 of the Dungeon.
You worshipped Trog.
Trog was extremely pleased with you.
You visited 2 branches of the dungeon, and saw 12 of its levels.
You also visited: Sewer.

You collected 653 gold pieces.
You spent 247 gold pieces at shops.

Inventory:

Hand Weapons
 b - a +3 great sword
 Q - a +4 war axe (weapon)
 V - a +7 vorpal quarterstaff
 Y - a +0 battleaxe of electrocution
Missiles
 h - 7 boomerangs (quivered)
 p - 2 poisoned darts
 I - 3 boomerangs of dispersal
 R - 6 javelins
Armour
 v - a +1 ring mail of willpower (worn)
 D - a +2 ring mail of poison resistance
 G - a +0 pair of boots (worn)
 S - a scarf of repulsion (worn)
 X - a +0 kite shield (worn)
Jewellery
 q - an amulet of regeneration (around neck)
 r - a ring of resist corrosion (left hand)
 K - a +6 ring of strength (right hand)
 T - a +4 ring of slaying
 Z - a ring of fire
Wands
 a - a wand of digging (2)
 k - a wand of mindburst (12)
 J - a wand of paralysis (6)
 P - a wand of polymorph (9)
 U - a wand of quicksilver (5)
Scrolls
 c - 7 scrolls of amnesia {unknown}
 d - a scroll of torment {unknown}
 f - a scroll of enchant armour {unknown}
 i - 3 scrolls of magic mapping {unknown}
 j - 3 scrolls of poison {unknown}
 s - 13 scrolls of identify {unknown}
 w - 4 scrolls of vulnerability {unknown}
 x - 3 scrolls of brand weapon {unknown}
 y - 3 scrolls of blinking {unknown}
 B - 3 scrolls of teleportation {unknown}
 C - a scroll of noise {unknown}
 M - 2 scrolls of summoning {unknown}
 O - 2 scrolls of fear {unknown}
Potions
 e - 6 potions of degeneration {unknown}
 g - 3 potions of invisibility {unknown}
 l - a potion of brilliance {unknown}
 m - 4 potions of attraction {unknown}
 n - 2 potions of curing {unknown}
 o - 2 potions of lignification {unknown}
 t - 3 potions of berserk rage {unknown}
 z - a potion of haste
 A - a potion of might {unknown}
 E - 3 potions of mutation {unknown}
 F - a potion of magic {unknown}
 H - a potion of resistance {unknown}
 L - 2 potions of flight {unknown}
 N - a potion of heal wounds {unknown}
 W - a potion of cancellation {unknown}


   Skills:
 + Level 13.8 Fighting
 + Level 13.8 Axes
 + Level 9.6 Armour
 - Level 2.1 Dodging
 + Level 7.8 Shields


You had 10 spell levels left.
You didn't know any spells.
Your spell library was empty.

Dungeon Overview and Level Annotations

Branches:
Dungeon (11/15)            Temple (0/1) D:6            Lair (1/5) D:8
    Orc (0/2) D:9           Sewer (visited)

Altars:
Dithmenos
Elyvilon
Hepliaklqana
Nemelex Xobeh
Sif Muna
Uskayaw
Xom
Zin
The Shining One

Shops:
D:8 (   D:11 ((

Annotations:
D:5 1 runed translucent door, Crazy Yiuf
D:9 3 runed translucent doors
D:10 exclusion: oklob sapling


Innate Abilities, Weirdness & Mutations

You have a pair of horns on your head.
You reflexively headbutt those who attack you in melee.


Message History

You barely miss the nine-headed hydra.
The nine-headed hydra is heavily wounded.
You closely miss the vampire mosquito. The vampire mosquito bites you.
* * * LOW HITPOINT WARNING * * *
The vampire mosquito draws strength from your injuries!
The nine-headed hydra barely misses you.
You furiously retaliate!
You headbutt the nine-headed hydra!
You block the nine-headed hydra's attack.
The nine-headed hydra bites you.
* * * LOW HITPOINT WARNING * * *
The nine-headed hydra bites you.
* * * LOW HITPOINT WARNING * * *
You block the nine-headed hydra's attack.
The nine-headed hydra bites you but does no damage.
The nine-headed hydra bites you!
* * * LOW HITPOINT WARNING * * *
You block the nine-headed hydra's attack.
The nine-headed hydra closely misses you.
You lop one of the nine-headed hydra's heads off!
The eight-headed hydra grows two more!
You hit the ten-headed hydra.
Your headbutt misses the ten-headed hydra.
The ten-headed hydra is severely wounded.
You closely miss the vampire mosquito. The vampire mosquito bites you.
* * * LOW HITPOINT WARNING * * *
The vampire mosquito draws strength from your injuries!
You hack one of the ten-headed hydra's heads off!
The nine-headed hydra grows two more!
You slash the 11-headed hydra! You headbutt the 11-headed hydra!!
The 11-headed hydra is almost dead.
You slash the vampire mosquito!
You block the vampire mosquito's attack.
The 11-headed hydra bites you but does no damage.
The 11-headed hydra bites you!
* * * LOW HITPOINT WARNING * * *
You block the 11-headed hydra's attack. x2
The 11-headed hydra bites you but does no damage. x2
The 11-headed hydra bites you.
* * * LOW HITPOINT WARNING * * *
The 11-headed hydra bites you!
You die...

######### #........
#........ #........
#........ #......## ###
#......#.
.....###########......(.
......D@..............#.
......y...............##
.####+#.................
####....#.................
#.......+.................
#.......#...#########'####
###.......#...+.............
#.........#...#.............
#.........#...'............#


You could see a 11-headed hydra and a vampire mosquito.

Vanquished Creatures
  4 two-headed ogres
  Pikel (D:5)
  The ghost of Antoine the Shooter, a novice DrHu of Sif Muna (D:10)
  A cyclops (D:11)
  An ugly thing (D:6)
  A troll (D:9)
  A hornet (D:10)
  A vampire (D:10)
  3 wyverns (D:8)
  2 wraiths
  15 yaks
  A steam dragon (D:6)
  5 vampire mosquitoes
  Menkaure (D:7)
  4 water moccasins
  Pargi (Sewer)
  4 ice beasts
  4 orc warriors
  A sky beast (D:4)
  2 phantoms
  2 bullfrogs
  A necrophage (D:8)
  A gnoll sergeant (D:9)
  21 wights
  2 scorpions
  4 killer bees (Lair:1)
  4 howler monkeys
  A lava snake (D:7)
  3 jellies
  A gnoll bouda (D:6)
  2 hounds
  8 orc priests
  4 iguanas
  11 orc wizards
  Terence (D:3)
  9 adders
  9 gnolls
  A river rat (D:3)
  2 shadow imps
  A white imp (D:5)
  2 ufetubi (D:5)
  2 worms
  A dart slug (D:1)
  53 orcs
  18 ball pythons
  8 bats
  2 endoplasms (D:2)
  4 giant cockroaches
  6 hobgoblins
  2 jackals (D:3)
  6 quokkas
  3 frilled lizards
  7 goblins
  8 kobolds
  10 rats
274 creatures vanquished.

Vanquished Creatures (others)
  An orc wizard (D:7)
  4 fungi
  35 plants
40 creatures vanquished.

Grand Total: 314 creatures vanquished

Notes
Turn   | Place    | Note
-------+----------+-------------------------------------------
     0 | D:1      | bjubeck the Minotaur Berserker began the quest for the Orb.
     0 | D:1      | Reached XP level 1. HP: 19/19 MP: 0/0
   426 | D:1      | Reached XP level 2. HP: 26/27 MP: 1/1
   929 | D:2      | Reached XP level 3. HP: 28/34 MP: 2/2
  1126 | D:2      | Reached ** piety under Trog
  2199 | D:3      | Reached XP level 4. HP: 38/41 MP: 3/3
  2223 | D:3      | Found a faded altar of an unknown god.
  2260 | D:3      | Found a shadowy altar of Dithmenos.
  2279 | D:3      | Reached skill level 5 in Axes
  2283 | D:3      | Reached skill level 5 in Fighting
  2371 | D:3      | Noticed Terence
  2377 | D:3      | Killed Terence
  2583 | D:3      | Found a glowing drain.
  2598 | Sewer    | Entered a sewer
  2602 | Sewer    | Reached XP level 5. HP: 48/48 MP: 4/4
  2619 | Sewer    | Noticed Pargi
  2637 | Sewer    | Killed Pargi
  2992 | D:4      | Noticed a phantom
  3006 | D:4      | Killed a phantom
  3007 | D:4      | Reached XP level 6. HP: 58/58 MP: 5/5
  3126 | D:4      | Noticed a sky beast
  3137 | D:4      | Killed a sky beast
  3555 | D:4      | Reached *** piety under Trog
  3793 | D:5      | Entered Level 5 of the Dungeon
  3861 | D:5      | Found a hazy altar of Hepliaklqana.
  3887 | D:5      | Noticed Pikel
  3920 | D:5      | Killed Pikel
  3921 | D:5      | Reached XP level 7. HP: 69/69 MP: 6/6
  4029 | D:5      | Reached XP level 8. HP: 75/75 MP: 7/7
  4161 | D:5      | Found a runed translucent door.
  4162 | D:5      | Noticed Crazy Yiuf
  4630 | D:6      | Found a staircase to the Ecumenical Temple.
  4700 | D:6      | Paralysed by an orc priest for 2 turns
  4796 | D:6      | Noticed a white ugly thing
  4805 | D:6      | Killed a white ugly thing
  4806 | D:6      | Reached skill level 10 in Fighting
  4806 | D:6      | Reached skill level 10 in Axes
  4852 | D:6      | Reached XP level 9. HP: 86/86 MP: 8/8
  5098 | D:6      | Found a sparkling altar of Nemelex Xobeh.
  5098 | D:6      | Found a shimmering altar of Xom.
  5423 | D:7      | Reached **** piety under Trog
  5608 | D:7      | Found a hide-covered altar of Uskayaw.
  5618 | D:7      | You fall into a shaft and drop 1 floor!
  5921 | D:7      | Reached skill level 5 in Armour
  6003 | D:7      | Found a shimmering blue altar of Sif Muna.
  6176 | D:7      | Noticed Menkaure
  6190 | D:7      | Killed Menkaure
  6191 | D:7      | Reached skill level 1 in Shields
  6767 | D:8      | Reached XP level 10. HP: 93/97 MP: 9/9
  6830 | D:8      | Found a staircase to the Lair.
  6857 | Lair:1   | Entered Level 1 of the Lair of Beasts
  7231 | D:8      | Found Quoxzes's Weapon Emporium.
  7626 | D:8      | Reached ***** piety under Trog
  8241 | D:9      | Found a runed translucent gate.
  8242 | D:9      | Found a runed translucent gate.
  8242 | D:9      | Found a runed translucent gate.
  8243 | D:9      | Noticed a cyan ugly thing
  8244 | D:9      | Noticed a red ugly thing
  8244 | D:9      | Noticed a green ugly thing
  8244 | D:9      | Noticed a glowing orange brain
  8244 | D:9      | Noticed a purple ugly thing
  8245 | D:9      | Noticed a green ugly thing
  8258 | D:9      | Noticed a two-headed ogre
  8263 | D:9      | Killed a two-headed ogre
  8264 | D:9      | Reached skill level 5 in Shields
  8439 | D:9      | Received a gift from Trog
  8513 | D:9      | Found a staircase to the Orcish Mines.
  8550 | D:9      | Found a white marble altar of Elyvilon.
  8551 | D:9      | Found a glowing golden altar of the Shining One.
  8552 | D:9      | Found a glowing silver altar of Zin.
  8572 | D:9      | Noticed a two-headed ogre
  8577 | D:9      | Killed a two-headed ogre
  8578 | D:9      | Reached XP level 11. HP: 107/107 MP: 10/10
  8808 | D:10     | Entered Level 10 of the Dungeon
  8909 | D:10     | Paralysed by a hornet for 3 turns
  9066 | D:10     | Noticed a two-headed ogre
  9072 | D:10     | Killed a two-headed ogre
  9362 | D:10     | Found a runed translucent door.
  9712 | D:10     | Noticed Antoine's ghost (novice DrHu)
  9798 | D:10     | Killed Antoine's ghost
  9861 | D:11     | Noticed a two-headed ogre
  9869 | D:11     | Killed a two-headed ogre
  9948 | D:11     | Found Kent's Weapon Shoppe.
  9951 | D:11     | Found Leceas's Antique Weapon Shop.
  9969 | D:11     | Bought a runed battleaxe for 247 gold pieces
 10178 | D:11     | Noticed an eight-headed hydra
 10183 | D:11     | Received a gift from Trog
 10191 | D:11     | HP: 7/162 [11-headed hydra (14)]
 10191 | D:11     | Mangled by an 11-headed hydra

Illustrated notes

Levels and vault maps discovered:
D:1:      scummos_arrival_checkerplants, layout_loops_ring,
          minmay_strange_pillars
D:2:      layout_basic, serial_rivers, chequers_serial_rivers_micro_c,
          chequers_serial_rivers_micro_a, chequers_serial_rivers_room_a,
          chequers_serial_rivers_micro_e, chequers_serial_rivers_large_a,
          chequers_serial_rivers_room_b, minmay_tetromino_i4
D:3:      layout_rooms, nicolae_dithmenos_shadow_blocks, portal_sewer_entry_e,
          shapermc_ecumenical_altar_mp_highgroup, uniq_terence
D:4:      layout_layer_cave, minmay_strange_pillars, minmay_misc_feat_cross,
          minivault_11, skrybe_limestone_x
D:5:      layout_cave_pools, overflow_temple_1_default, hangedman_decor_lopped,
          uniq_pikel, uniq_crazy_yiuf_cottage
D:6:      layout_rooms, gammafunk_temple_overflow_elements,
          minmay_temple_entry_gardened_gates, minmay_three_doors
D:7:      layout_layer_cave, led_sif_book, nicolae_uskayaw_suspiria,
          uniq_menkaure
D:8:      corexii_shack_village, layout_loops_corners, minmay_lair_entry_grove,
          serial_glass, glass_columns_c, glass_columns_a, glass_columns_a,
          glass_columns_b, glass_columns_b, glass_columns_a, serial_shops,
          nicolae_shop_bloodbath_and_beyond
D:9:      layout_basic, good_gods_temple_1, david_orc_5,
          ploomutoo_gammafunk_ghost_potion_laboratory, minmay_misc_feat_five
D:10:     layout_stronghold, ebering_ghost_reflecting_pool,
          introduction_to_nature_2
D:11:     layout_irregular_city, serial_shops, shop, shop, nicolae_square_shop,
          nicolae_stop_n_shop_1, nicolae_square_shop,
          ebering_dispersal_statue_hall
Lair:1:   layout_layer_cave, basic_altar, serial_bayou_shore_b,
          grunt_megastairs_5, serial_bayou_shore_b

Skill      XL: |  1  2  3  4  5  6  7  8  9 10 11 |
---------------+----------------------------------+-----
Fighting       | 4 5 6 8 10 11 13 | 13.8
Axes           | 4 5 6 8 10 11 13 | 13.8
Armour         | 6 8 9 |  9.6
Shields        | 2 6 7 |  7.8
Dodging        | |  2.1

Action                   |  1- 3 |  4- 6 |  7- 9 | 10-12 || total
-------------------------+-------+-------+-------+-------++-------
Melee: Hand axe          |    89 |   118 |   236 |    68 ||   511
       Headbutt          |    10 |    12 |    56 |    52 ||   130
       Punch             |     1 |     2 |     2 |       ||     5
       War axe           |       |       |       |   212 ||   212
Throw: Boomerang         |     6 |    26 |   132 |   141 ||   305
Invok: Berserk           |       |     2 |     2 |     2 ||     6
       Trog's Hand       |       |       |       |     1 ||     1
Armor: Animal skin       |    15 |       |       |       ||    15
       Ring mail         |     1 |    43 |    49 |    53 ||   146
Dodge: Dodged            |    52 |    69 |    76 |    85 ||   282
Block: Buckler           |       |       |     3 |    25 ||    28
       Kite shield       |       |       |       |    49 ||    49
